 Dungeon Crawl Stone Soup version 0.28.0 (webtiles) character file.

Game seed: 838479858085982194

135 Clumpoid the Skirmisher (level 5, -3/46 HPs)
             Began as a Ghoul Fighter on Feb 17, 2022.
             Was a Follower of Cheibriados.
             Slain by Sigmund (9 damage)
             ... on level 3 of the Dungeon.
             The game lasted 00:02:36 (1817 turns).

Clumpoid the Skirmisher (Ghoul Fighter)             Turns: 1817, Time: 00:02:37

Health: -3/46      AC:  6    Str: 23    XL:     5   Next: 18%
Magic:  4/4        EV:  9    Int:  8    God:    Cheibriados [*.....]
Gold:   92         SH:  5    Dex: 11    Spells: 4/4 levels left

rFire   . . .      SeeInvis .   a - +0 trident
rCold   + . .      Faith    +   c - +1 buckler
rNeg    + + +      Spirit   .   b - +0 scale mail
rPois   ∞          Reflect  .   (no helmet)
rElec   .          Harm     .   (no cloak)
rCorr   .          Rampage  .   (no gloves)
Will    .....                   (no boots)
Stlth   ..........              h - amulet of faith
HPRegen 0.00/turn               (no ring)
MPRegen 0.09/turn               (no ring)

@: inhibited regen, very slow
A: claws 1, cold resistance 1, negative energy resistance 3, inhibited
regeneration, torment resistance 2
a: Renounce Religion, Bend Time


You were on level 3 of the Dungeon.
You worshipped Cheibriados.
Cheibriados was aware of your devotion.
You visited 1 branch of the dungeon, and saw 3 of its levels.

You collected 92 gold pieces.

Inventory:

Hand Weapons
 a - a +0 trident (weapon)
Armour
 b - a +0 scale mail (worn)
 c - a +1 buckler (worn)
Jewellery
 h - an amulet of faith (around neck)
Wands
 d - a wand of iceblast (5)
Scrolls
 f - a scroll of identify
 g - a scroll of teleportation {unknown}
Potions
 j - 2 potions of attraction


   Skills:
 + Level 4.0 Fighting
 * Level 3.2 Polearms
 + Level 3.3 Armour
 + Level 3.3 Shields


You had 4 spell levels left.
You didn't know any spells.
Your spell library contained the following spells:

 Spells                   Type           Power      Damage    Failure   Level
 Blink                    Tloc           0%         N/A       91%         2
 Corpse Rot               Necr/Air       0%         N/A       91%         2
 Poisonous Vapours        Pois/Air       0%         N/A       91%         2
 Lesser Beckoning         Tloc           0%         N/A       99%         3
 Manifold Assault         Tloc           0%         N/A       100%        5


Dungeon Overview and Level Annotations

Branches:
Dungeon (3/15)

Altars:
Cheibriados
Yredelemnul

Shops:
D:2 (

Annotations:
D:3 Sigmund


Innate Abilities, Weirdness & Mutations

You thrive by killing the living.
You are immune to poison.
You have sharp fingernails.
Your flesh is cold resistant. (rC+)
You are immune to negative energy. (rN+++)
You do not regenerate when monsters are visible.
You are immune to unholy pain and torment.


Message History

Sigmund casts a spell.
Sigmund flickers and vanishes!
Deactivating autopickup; reactivate with Ctrl-A.
Okay, then.
Okay, then.
Okay, then.
Found a stone staircase leading down.
You hear some strange, mumbled words.
A magic dart appears from out of thin air!
The magic dart hits you.
You fail to use your ability.
You hear some strange, mumbled words.
A puff of flame appears from out of thin air!
The puff of flame hits you!
You closely miss something. Something completely misses you.
You hit something. Something hits you.
You closely miss something. Something hits you!
* * * LOW HITPOINT WARNING * * *
You closely miss something.
You hear some strange, mumbled words.
A puff of flame appears from out of thin air!
The puff of flame hits you.
* * * LOW HITPOINT WARNING * * *
You hit something. You block something's attack.
You barely miss something.
You hear some strange, mumbled words.
A puff of flame appears from out of thin air!
The puff of flame hits you!
* * * LOW HITPOINT WARNING * * *
You feel better. Something hits you but does no damage.
You puncture something! You miss something.
Something hits you but does no damage.
You miss something. Something hits you.
* * * LOW HITPOINT WARNING * * *
You closely miss something. Something hits you but does no damage.
You barely miss something. You block something's attack.
You hit something. You hit something but do no damage.
You closely miss something. Something hits you!
You die...

.#####.#
....##.############
######## [........
##### #.##..#.# #...##
###.##..#.## .._..#
#..........#
#...####.#.##...#.# #
......##.#.##...#.#.>#
#'''#.##...#....@....#
#...#.##.###.##.#{####
#...#..'.# #.#......
#########.##.#........
###.#.##.#.#... ..
.#.# ## ##. ## . #. ..


There were no monsters in sight!

Vanquished Creatures
  The ghost of Icepheonix32 the Changer, a weakling MfTm (D:3)
  A centaur zombie (D:3)
  An adder (D:2)
  4 dart slugs
  4 ball pythons
  7 endoplasms
  A giant cockroach (D:2)
  A goblin (D:1)
  7 hobgoblins
  4 jackals (D:1)
  3 quokkas (D:1)
  3 bats (D:2)
  2 frilled lizards (D:1)
  A giant cockroach zombie (D:3)
  A kobold (D:1)
  3 rats (D:1)
44 creatures vanquished.

Notes
Turn   | Place    | Note
-------+----------+-------------------------------------------
     0 | D:1      | Clumpoid the Ghoul Fighter began the quest for the Orb.
     0 | D:1      | Reached XP level 1. HP: 19/19 MP: 0/0
   160 | D:1      | Reached XP level 2. HP: 26/26 MP: 1/1
   360 | D:1      | Reached XP level 3. HP: 31/31 MP: 2/2
   938 | D:2      | Found Woyrrif's Weapon Boutique.
  1154 | D:2      | Found a faded altar of an unknown god.
  1167 | D:2      | Prayed at the altar of an unknown god.
  1167 | D:2      | Became a worshipper of Cheibriados the Contemplative
  1167 | D:2      | Reached * piety under Cheibriados
  1183 | D:2      | Reached XP level 4. HP: 40/40 MP: 3/3
  1574 | D:3      | Found a runed translucent gate.
  1574 | D:3      | Found a runed translucent gate.
  1574 | D:3      | Found a runed translucent gate.
  1574 | D:3      | Noticed Icepheonix32's ghost (weakling MfTm)
  1576 | D:3      | Found a basalt altar of Yredelemnul.
  1602 | D:3      | Killed Icepheonix32's ghost
  1603 | D:3      | Reached skill level 4 in Fighting
  1603 | D:3      | Reached XP level 5. HP: 19/46 MP: 4/4
  1796 | D:3      | Noticed Sigmund
  1808 | D:3      | HP: 2/46 [something/puff of flame (8)]
  1817 | D:3      | Slain by Sigmund

Illustrated notes

Levels and vault maps discovered:
D:1:      evilmike_arrival_crescent, layout_basic
D:2:      layout_loops_ring, dreamdust_ecumenical_altar_grove, serial_shops,
          shop, serial_bayou_pond_a, minivault_11
D:3:      layout_loops_cross, nicolae_yredelemnul_ghost_church,
          gammafunk_ghost_necromancy, minmay_diced_spiral, uniq_grinder,
          uniq_ijyb, uniq_sigmund

Skill      XL: |  1  2  3  4 |
---------------+-------------+-----
Polearms       | 2 3 |  3.2
Armour         | 3 |  3.3
Shields        | 3 |  3.3
Fighting       | 4 |  4.0

Action                   |  1- 3 |  4- 6 || total
-------------------------+-------+-------++-------
Melee: Trident           |    91 |    45 ||   136
  Use: Potion            |     4 |     2 ||     6
       Scroll            |     2 |     5 ||     7
Armor: Scale mail        |    25 |    20 ||    45
Dodge: Dodged            |    22 |    14 ||    36
Block: Buckler           |    14 |    10 ||    24
